 Dungeon Crawl Stone Soup version 0.31-a0-95-g6fa058ef04 (webtiles) character file.

Game seed: 7379329549335823698

29 edwardauron the Changer (level 3, -5/23 HPs)
             Began as an Octopode Transmuter on May 25, 2023.
             Killed from afar by Robin (12 damage)
             ... with a puff of flame
             ... on level 2 of the Dungeon.
             The game lasted 00:01:05 (1016 turns).

edwardauron the Changer (Octopode Transmuter)       Turns: 1016, Time: 00:01:06

Health: -5/23      AC:  1    Str:  9    XL:     3   Next: 16%
Magic:  6/6        EV: 13    Int: 17    God:
Gold:   28         SH:  0    Dex: 12    Spells: 5/6 levels left

rFire   . .          .
                       - Unarmed
rCold   . . .        (no shield)
rNeg    . . .        (helmet restricted)
rPois   .            (no amulet)
rElec   .            (no ring)
rCorr   .            (no ring)
SInv    .            (no ring)
Will    .....        (no ring)
Stlth   ++           (no ring)
HPRegen 0.23/turn    (no ring)
MPRegen 0.10/turn    (no ring)
                     (no ring)

%: no passive effects
@: no status effects
A: almost no armour, amphibious, 8 rings, camouflage 1, gelatinous body 1,
(nimble swimmer 1), tentacles
a: no special abilities


You were on level 2 of the Dungeon.
You visited 1 branch of the dungeon, and saw 2 of its levels.

You collected 28 gold pieces.

Inventory:

Scrolls
 b - 2 scrolls of magic mapping {unknown}
 c - a scroll of identify {unknown}
 d - 2 scrolls of fog {unknown}
 e - a scroll of enchant armour {unknown}
Potions
 a - a potion of lignification
 f - a potion of heal wounds {unknown}


   Skills:
 - Level 1.0 Fighting
 - Level 2.0 Dodging
 - Level 3.0 Unarmed Combat
 - Level 2.0 Spellcasting
 + Level 3.5 Transmutations


You had 5 spell levels left.
You knew the following spells:

 Your Spells              Type           Power      Damage    Failure   Level
a - Beastly Appendage     Tmut           26%        N/A       4%          1

Your spell library contained the following spells:

 Spells                   Type           Power      Damage    Failure   Level
 Wereblood                Tmut           13%        N/A       7%          2
 Spider Form              Tmut/Pois      6%         N/A       30%         3
 Ice Form                 Ice/Tmut       6%         N/A       71%         4
 Simulacrum               Ice/Necr       0%         N/A       100%        6
 Ozocubu's Refrigeration  Ice            0%         4d7       100%        7
 Polar Vortex             Ice            0%         N/A       100%        9


Dungeon Overview and Level Annotations

Branches:
Dungeon (2/15)

Altars:

Annotations:
D:2 Robin


Innate Abilities, Weirdness & Mutations

You cannot wear most types of armour.
You are amphibious.
You can wear up to eight rings at the same time.
Your skin changes colour to match your surroundings (Stealth+).
Your rubbery body absorbs attacks. (AC +1, EV +1)
((You are camouflaged when in or above water. (Stealth+)))
You have tentacles for arms and can constrict up to eight enemies at once.


Message History

You kill the goblin!
The bat closely misses you.
You closely miss the bat. You grab the bat.
You squeeze the bat, but do no damage.
The bat is moderately wounded.
You constrict the bat, but do no damage.
The bat hits you. The bat barely misses you. Robin misses you.
The bat hits you.
You tentacle-slap the bat but do no damage.
The bat is moderately wounded.
You constrict the bat. The bat hits you but does no damage.
Robin hits you from afar with a +0 spear.
The bat closely misses you.
You tentacle-slap the bat but do no damage.
The bat is heavily wounded.
You constrict the bat.
You kill the bat!
Robin roars a battlecry!
You tentacle-slap the hobgoblin. Your grab misses the hobgoblin.
You squeeze the hobgoblin.
The hobgoblin is heavily wounded.
The hobgoblin hits you.
Robin hits you from afar with a +0 spear.
You tentacle-slap the hobgoblin but do no damage.
You grab the hobgoblin.
The hobgoblin is heavily wounded.
You constrict the hobgoblin.
A hobgoblin comes into view.
The hobgoblin barely misses you. Robin barely misses you.
You tentacle-slap the hobgoblin.
The hobgoblin is almost dead.
You constrict the hobgoblin, but do no damage.
The hobgoblin misses you.
Robin hits you from afar with a +0 spear.
You tentacle-slap the hobgoblin.
You kill the hobgoblin!
A goblin comes into view. It is wielding a +0 club.
Robin zaps a wand.
The puff of flame hits you!
Ouch! That really hurt!
You die...

.....##........#...#
.. ###.
#........#...##..
#........#.......
#........#....#
...............#
##...######...(##
##.. ####....# ##
#....#### # #@####
#..##)###
#.....g.###
#.#...#g..##
#.#####g†# #.
##gg..... #. .......
. ###.... # .>.


You could see Robin and a goblin (strong).

Vanquished Creatures
  A dart slug (D:1)
  4 bats
  2 endoplasms (D:1)
  4 goblins
  4 hobgoblins
  3 jackals (D:2)
  3 ball pythons (D:1)
  A kobold (D:1)
  A rat (D:1)
23 creatures vanquished.

Notes
Turn   | Place    | Note
-------+----------+-------------------------------------------
     0 | D:1      | edwardauron the Octopode Transmuter began the quest for the
                  | Orb.
     0 | D:1      | Reached XP level 1. HP: 13/13 MP: 3/3
   215 | D:1      | Reached XP level 2. HP: 18/18 MP: 5/5
   713 | D:1      | Found a faded altar of an unknown god.
   995 | D:2      | Noticed Robin
   996 | D:2      | Reached XP level 3. HP: 23/23 MP: 6/6
  1016 | D:2      | Killed from afar by Robin

Illustrated notes

Levels and vault maps discovered:
D:1:      psy_arrival_terrarium, layout_basic, dreamdust_ecumenical_altar_grove
D:2:      layout_basic, uniq_terence, uniq_robin

Skill      XL: |  1  2 |
---------------+-------+-----
Transmutations | 3 |  3.5
Fighting       | |  1.0
Dodging        | |  2.0
Unarmed Combat | |  3.0
Spellcasting   | |  2.0

Action                     || total
---------------------------++-------
  Melee: Unarmed           ||    48
         Tentacles         ||    15
         Constrict         ||    14
         Punch             ||     2
   Stab: Sleeping          ||     6
 Armour: Skin              ||     9
  Dodge: Dodged            ||    31

Table legend: (Time is in decaauts)
 A = Elapsed time spent in this place.
 B = Non-inter-level travel time spent in this place.
 C = Inter-level travel time spent in this place.
 D = Time resting spent in this place.
 E = Time spent auto-exploring this place.
 F = Levels seen in this place.
 G = Mean time per level.
                   A        B        C        D        E       F      G
               +--------+--------+--------+--------+--------+-----+--------+
         Total |   1013 |    976 |     37 |      0 |    847 |   2 |  506.5 |
       Dungeon |   1013 |    976 |     37 |      0 |    847 |   2 |  506.5 |
               +--------+--------+--------+--------+--------+-----+--------+

Top non-repeatable levels by time:
     D:1: 948 daAuts
     D:2: 64 daAuts
